Map: Altitude LE

Players

A.I. 1 (Medium)

  • Race: Protoss Protoss
  • Spawn Location: 7:00

A.I. 2 (Medium)

  • Race: Terran Terran
  • Spawn Location: 1:00

VOD

Have the link to the VOD?

Description

Time

  • Played on: Feb. 12, 2023, 7:33 a.m.
  • Length: 25:31
Show
View Real Time Build Order
Export as new Build Order

A.I. 1 (Medium) Protoss 

Build Orders:  

Get SALT Encoding   

  12  0:01  Probe  
  13  0:13  Probe  
  14  0:20  Pylon  
  14  0:25  Probe  
  15  0:34  Probe  
  15  0:42  Probe  
  16  0:47  Assimilator  
  17  0:51  Gateway  
  17  0:52  Probe  
  18  1:00  Pylon  
  18  1:28  Gateway  
  18  1:33  Assimilator  
  18  1:39  Zealot  
  20  1:42  Cybernetics Core  
  20  1:59  Zealot  
  22  2:09  Pylon  
  22  2:19  Warp Gate, Stalker  
  24  2:33  Stalker  
  24  2:34  Probe  
  27  2:46  Probe  
  27  2:49  Stalker  
  30  2:54  Pylon  
  30  2:55  Stalker  
  30  2:58  Probe  
  33  3:10  Forge  
  33  3:11  Probe  
  34  3:23  Probe  
  35  3:35  Probe  
  36  4:17  Probe  
  36  5:20  Sentry, Probe  
  39  5:23  Photon Cannon  
  39  5:27  Pylon  
  39  5:29  Photon Cannon, Robotics Facility  
  39  5:34  Stargate, Adept  
  39  5:35  Probe  
  40  5:38  Gateway  
  36  5:47  Stalker  
  34  5:50  Forge  
  34  5:56  Twilight Council  
  32  6:01  Sentry  
  34  6:11  Pylon  
  34  6:14  Adept  
  34  6:18  Observer  
  37  6:28  Stalker  
  39  6:39  Observer  
  40  6:41  Nexus  
  40  6:42  Zealot  
  42  6:55  Zealot  
  44  7:09  Stalker  
  46  7:22  Stalker  
  48  7:36  Stalker  
  50  7:53  Probe x2  
  52  8:02  Probe  
  52  8:05  Probe  
  52  8:06  Pylon  
  52  8:08  Pylon  
  52  8:10  Assimilator  
  52  8:11  Probe  
  54  8:18  Probe  
  56  8:21  Probe  
  56  8:26  Assimilator  
  57  8:29  Photon Cannon, Probe  
  57  8:30  Probe  
  57  8:31  Photon Cannon  
  59  8:40  Probe  
  59  8:42  Probe  
  61  8:50  Probe  
  61  8:54  Probe  
  63  8:58  Probe  
  64  9:06  Probe  
  64  9:07  Probe  
  66  9:18  Probe  
  66  9:19  Probe  
  68  9:26  Probe  
  69  9:31  Probe  
  70  9:48  Protoss Ground Armor Level 1  
  70  9:49  Warp Prism  
  70  9:58  Protoss Ground Weapons Level 1, Stalker  
  72  10:01  Gateway  
  62  10:07  Pylon  
  62  10:09  Stalker  
  62  10:18  Robotics Bay  
  62  10:20  Stalker  
  64  10:23  Warp Prism  
  66  10:31  Stalker  
  68  10:41  Dark Shrine, Stalker  
  68  10:42  Stalker x2  
  70  10:57  Gravitic Boosters  
  70  10:59  Observer  
  71  11:07  Zealot  
  69  11:18  Sentry  
  67  11:23  Nexus  
  67  11:28  Stalker  
  69  11:36  Disruptor  
  72  11:48  Gravitic Drive  
  72  12:05  Disruptor  
  75  12:35  Probe  
  76  12:38  Probe  
  76  12:41  Probe  
  78  12:46  Assimilator  
  78  12:47  Probe  
  78  12:48  Photon Cannon  
  78  12:50  Probe  
  80  12:53  Assimilator, Probe  
  81  12:59  Probe  
  81  13:01  Probe  
  83  13:23  Observer  
  83  13:54  Protoss Ground Armor Level 2  
  83  13:57  Sentry  
  83  14:02  Zealot  
  79  14:03  Protoss Ground Weapons Level 2  
  79  14:06  Stalker  
  79  14:07  Pylon  
  77  14:10  Stalker, Protoss Air Weapons Level 1  
  77  14:14  Immortal  
  77  14:15  Adept  
  79  14:22  Fleet Beacon  
  79  14:24  Zealot  
  79  14:28  Photon Cannon, Zealot  
  83  14:33  Adept  
  83  14:37  Adept  
  87  14:44  Adept  
  87  14:45  Immortal  
  89  14:48  Sentry  
  91  14:57  Sentry  
  97  15:01  Stalker  
  97  15:06  Stalker  
  101  15:11  Adept  
  103  15:20  Adept  
  105  15:25  Observer  
  99  15:58  Protoss Air Armor Level 1, Protoss Ground Armor Level 3  
  99  16:18  Protoss Shields Level 1  
  99  16:24  Nexus  
  99  17:06  Immortal  
  99  17:07  Carrier  
  105  17:25  Pylon  
  105  17:46  Assimilator  
  105  17:48  Pylon  
  105  17:49  Zealot  
  105  17:51  Pylon  
  105  17:53  Assimilator  
  105  17:55  Templar Archives, Observer  
  105  17:57  Zealot  
  105  17:58  Photon Cannon  
  92  17:59  Protoss Air Weapons Level 2  
  92  18:00  Protoss Ground Weapons Level 3, Photon Cannon  
  92  18:04  Stalker  
  84  18:11  Probe  
  84  18:12  Sentry  
  74  18:15  Probe  
  74  18:16  Observer  
  74  18:18  Probe  
  74  18:19  Stalker  
  73  18:21  Probe  
  73  18:24  Probe  
  73  18:26  Protoss Shields Level 2, Zealot  
  66  18:27  Probe  
  66  18:30  Probe  
  66  18:32  Photon Cannon  
  66  18:33  Stalker  
  67  18:36  Probe  
  67  18:38  Probe, Observer  
  67  18:40  Sentry  
  64  18:41  Probe  
  64  18:44  Probe  
  64  18:48  Probe, Stalker  
  65  18:50  Photon Cannon  
  65  18:53  Probe  
  65  18:54  Probe  
  65  18:55  Adept  
  61  18:57  Probe  
  61  18:59  Observer  
  61  19:00  Probe  
  61  19:02  Stalker  
  62  19:05  Probe  
  62  19:07  Probe  
  64  19:10  Probe  
  64  19:13  Probe  
  64  19:15  Void Ray  
  65  19:17  Zealot  
  65  19:23  Pylon  
  67  19:24  Zealot  
  67  19:25  Probe  
  67  19:29  Dark Shrine  
  69  19:32  Sentry  
  69  19:34  Probe  
  69  19:37  Probe  
  66  19:39  Stalker  
  66  19:40  Probe  
  63  19:46  Probe, Stalker  
  63  19:49  Probe  
  63  19:50  Probe  
  68  19:58  Probe x2  
  68  19:59  Void Ray  
  73  20:01  Zealot  
  73  20:03  Probe  
  73  20:07  Probe  
  77  20:08  Stalker  
  77  20:10  Probe  
  77  20:15  Sentry  
  77  20:16  Probe  
  77  20:18  Probe  
  75  20:22  Adept  
  75  20:23  Protoss Shields Level 3  
  75  20:30  Stalker  
  77  20:37  Immortal  
  77  20:38  Nexus  
  77  20:41  Photon Cannon  
  81  20:43  Photon Cannon  
  81  20:44  Stalker  
  83  20:51  Sentry  
  83  20:56  Pylon  
  85  20:58  Zealot  
  87  21:05  Zealot  
  89  21:11  Stalker  
  91  21:18  Zealot  
  91  21:25  Stalker  
  93  21:28  Probe  
  93  21:31  Probe  
  93  21:32  Stalker  
  80  21:34  Probe  
  80  21:38  Stalker  
  75  21:40  Probe  
  75  21:45  Stalker  
  70  21:52  Adept  
  63  21:58  Pylon, Stalker  
  63  22:01  Pylon  
  62  22:02  Probe  
  62  22:05  Sentry, Probe  
  60  22:10  Probe  
  60  22:11  Stalker  
  60  22:14  Probe  
  54  22:16  Probe  
  54  22:17  Probe  
  54  22:18  Stalker  
  49  22:23  Probe  
  49  22:24  Stalker  
  49  22:26  Photon Cannon, Probe  
  49  22:28  Photon Cannon  
  52  22:30  Zealot, Observer  
  52  22:31  Probe  
  52  22:33  Assimilator  
  43  22:37  Assimilator, Sentry, Probe  
  43  22:38  Probe  
  43  22:43  Probe  
  43  22:44  Zealot  
  41  22:49  Probe  
  41  22:50  Probe, Stalker  
  45  22:51  Warp Prism  
  45  22:55  Probe  
  45  22:56  Stalker  
  49  23:01  Probe  
  49  23:03  Probe, Stalker  
  49  23:05  Probe  
  46  23:09  Stalker  
  48  23:13  Probe x2  
  48  23:15  Probe  
  48  23:16  Adept  
  48  23:17  Nexus  
  49  23:22  Probe, Stalker  
  49  23:25  Assimilator  
  48  23:27  Probe, Warp Prism  
  48  23:29  Sentry  
  43  23:35  Probe  
  43  23:36  Stalker  
  43  23:39  Probe  
  45  23:43  Stalker  
  47  23:49  Stalker  
  47  23:52  Probe  
  49  23:55  Probe  
  49  23:56  Sentry  
  49  24:00  Observer  
  49  24:02  Zealot  
  48  24:04  Probe  
  48  24:06  Nexus  
  48  24:07  Probe  
  48  24:09  Stalker  
  47  24:15  Stalker, Observer  
  47  24:16  Probe  
  36  24:19  Probe  
  36  24:22  Stalker  
  33  24:29  Zealot, Probe  
  29  24:32  Probe  
  29  24:36  Observer  
  29  24:37  High Templar  
  28  24:41  Probe  
  28  24:44  Probe  
  28  24:45  High Templar  
  22  24:53  Probe  
  22  24:54  High Templar  
  22  24:56  Probe  
  22  24:57  Nexus  
  18  25:02  High Templar  
  18  25:05  Probe  
  15  25:08  Probe  
  15  25:10  High Templar  
  11  25:17  Zealot, Probe  
  14  25:26  Stalker  
  14  25:27  Pylon  
Show
View Real Time Build Order
Export as new Build Order

A.I. 2 (Medium) Terran 

Build Orders:  

Get SALT Encoding   

  12  0:00  SCV  
  13  0:13  SCV  
  14  0:20  Supply Depot  
  14  0:25  SCV  
  15  0:41  SCV  
  16  0:48  Barracks  
  16  0:50  Refinery  
  16  0:53  SCV  
  17  1:06  SCV  
  18  1:15  Supply Depot  
  18  1:34  Barracks  
  18  1:36  Barracks Tech Lab  
  18  1:38  Orbital Command  
  18  1:43  Refinery  
  18  1:54  Marine  
  19  2:12  Marine  
  20  2:16  Supply Depot  
  20  2:20  Marine  
  21  2:30  Marine  
  21  2:33  SCV  
  23  2:45  SCV  
  23  2:48  Marauder  
  23  2:50  Supply Depot  
  26  2:57  Engineering Bay, SCV  
  27  3:09  Marauder, SCV  
  30  3:21  SCV  
  31  3:31  Marauder  
  31  3:33  SCV  
  34  3:52  Marauder  
  36  4:21  SCV  
  36  5:02  Barracks Tech Lab  
  36  5:03  Marine, SCV  
  36  5:04  Factory  
  38  5:07  Factory  
  38  5:09  Missile Turret  
  38  5:11  Supply Depot  
  38  5:13  Missile Turret  
  38  5:15  SCV  
  38  5:17  Barracks  
  38  5:21  Marine  
  39  5:22  Sensor Tower  
  40  5:34  Bunker  
  40  5:35  Marine, Supply Depot  
  38  5:47  Marine  
  36  5:52  Factory Tech Lab x2, Starport  
  36  5:59  Marine  
  36  6:02  Armory  
  37  6:08  Barracks Reactor  
  37  6:09  Command Center  
  33  6:11  Marine  
  32  6:24  Marauder  
  34  6:31  Starport Tech Lab  
  34  6:36  Marauder  
  36  6:48  Siege Tank  
  36  6:52  Raven  
  41  7:00  Siege Tank  
  44  7:20  Cyclone  
  44  7:22  SCV  
  48  7:23  Refinery  
  48  7:25  SCV  
  48  7:26  Raven  
  51  7:34  SCV  
  52  7:37  SCV  
  52  7:41  Missile Turret  
  53  7:44  Missile Turret  
  53  7:45  Refinery  
  53  7:46  SCV  
  53  7:49  SCV  
  55  7:58  SCV  
  55  8:01  SCV  
  55  8:04  Bunker  
  57  8:10  SCV  
  58  8:13  SCV  
  58  8:23  SCV  
  58  8:25  SCV  
  60  8:35  SCV  
  60  8:38  SCV  
  62  8:47  SCV  
  63  8:50  SCV  
  64  8:59  SCV  
  64  9:02  SCV  
  65  9:11  SCV  
  65  9:14  SCV  
  67  9:23  SCV  
  68  9:25  Siege Tank, Medivac, Stimpack, Combat Shield  
  68  9:26  Terran Infantry Weapons Level 1, SCV  
  74  9:31  Starport  
  74  9:32  Marine  
  74  9:34  Supply Depot  
  75  9:39  Ghost Academy  
  75  9:45  Engineering Bay  
  75  9:49  Marine  
  76  9:53  Fusion Core  
  76  9:55  Raven  
  76  9:56  Armory  
  76  9:57  Marine  
  76  9:58  Supply Depot  
  70  10:05  Marine  
  67  10:07  Starport Reactor  
  67  10:11  Terran Infantry Armor Level 1  
  67  10:13  Marine  
  60  10:21  Marine  
  61  10:29  Marine, Medivac  
  61  10:34  Supply Depot  
  64  10:37  Siege Tank  
  67  10:45  Marine  
  68  10:53  Marine  
  68  10:55  Command Center  
  69  10:59  Raven  
  69  11:01  Marine  
  71  11:09  Siege Tank  
  73  11:17  Siege Tank  
  76  11:25  Marine  
  77  11:33  Marine  
  78  11:41  Siege Tank  
  81  11:49  Siege Tank  
  84  12:07  SCV  
  85  12:08  Refinery  
  85  12:10  SCV  
  85  12:13  SCV  
  87  12:17  Missile Turret  
  87  12:19  SCV, Missile Turret  
  87  12:22  SCV, Refinery  
  89  12:25  SCV  
  90  12:31  SCV  
  90  12:34  SCV  
  92  12:40  Bunker  
  92  13:30  Terran Infantry Weapons Level 2, Terran Infantry Armor Level 2, Hellion  
  92  13:31  Terran Vehicle Weapons Level 1  
  92  13:32  Terran Ship Weapons Level 1, Supply Depot  
  94  13:34  Marine  
  94  13:39  Marine  
  96  13:45  Hellion  
  98  13:51  Siege Tank  
  101  13:55  Marine  
  101  14:00  Marine  
  93  14:06  Marine  
  85  14:11  Marine  
  85  14:16  Marine  
  84  14:21  Siege Tank  
  87  14:26  Marine  
  82  14:31  Marine  
  82  14:36  Marine  
  84  14:41  Marine  
  85  14:46  Marine  
  85  14:51  Siege Tank  
  89  14:56  Siege Tank  
  92  15:24  Siege Tank  
  92  15:26  Terran Vehicle And Ship Armor Level 1  
  95  15:28  Thor  
  95  15:29  Terran Vehicle Weapons Level 2  
  101  15:49  Terran Infantry Weapons Level 3  
  100  15:50  Terran Infantry Armor Level 3  
  100  15:56  Siege Tank  
  103  16:11  Siege Tank  
  106  16:21  Command Center  
  106  16:28  Siege Tank  
  108  17:20  Terran Vehicle And Ship Armor Level 2  
  108  17:34  SCV  
  108  17:35  Marauder  
  111  17:37  SCV  
  111  17:38  Marauder  
  111  17:40  Refinery  
  111  17:41  Marine  
  111  17:44  Marine  
  116  17:45  Missile Turret  
  116  17:47  Raven  
  116  17:53  SCV  
  116  17:55  Missile Turret  
  116  17:56  Marine  
  116  17:58  Marine, SCV, Supply Depot  
  111  17:59  Refinery  
  111  18:00  Marine  
  111  18:01  Marine  
  111  18:03  SCV  
  100  18:13  Ghost  
  100  18:16  Marine  
  100  18:17  Bunker  
  100  18:18  Marine  
  100  18:19  Marine  
  105  18:34  Marine  
  105  18:36  Marauder  
  105  18:37  Concussive Shells  
  106  18:42  Ghost  
  106  18:44  Marine  
  106  18:46  Medivac  
  104  18:52  Marine  
  101  18:57  Marauder  
  101  19:02  Marine  
  102  19:10  Marine  
  102  19:11  Marine  
  104  19:19  Marauder  
  104  19:20  Marine  
  107  19:29  Marauder  
  109  20:11  Marine  
  108  20:14  Marine  
  108  20:15  Medivac  
  108  20:17  Marine  
  109  20:22  Marine  
  103  20:33  Raven  
  100  21:03  Siege Tank  
  103  21:06  Widow Mine  
  103  21:07  Marine  
  103  21:09  Marine  
  107  21:11  Marine  
  107  21:16  Raven  
  108  21:24  SCV  
  105  21:27  Marine, SCV, Widow Mine  
  108  21:35  Siege Tank  
  111  21:41  Marauder  
  111  21:43  Marauder  
  111  21:46  Marine  
  111  21:55  Marine  
  111  22:01  Marine, Command Center  
  109  22:04  Marine  
  109  22:05  Marine  
  111  23:13  SCV  
  111  23:15  SCV  
  113  23:27  Refinery  
  113  23:29  Missile Turret  
  113  23:31  Missile Turret  
  113  23:32  Refinery  
  113  23:59  Marine, Bunker  
  113  24:05  Marine  
  113  24:09  Marine  
  113  24:42  Ghost  
  112  24:56  Medivac  
  112  24:59  Marine  
  110  25:02  Marine  
  109  25:11  Marine  
Tags
 
Matchup
PvT
Spawn Locations
Cross Positions
Add a new tag
Caveats
  • Supply blocks, unpowered buildings, or Contaminate may cause inaccurate times.
  • Supply counts are checked every 10 seconds.